TOP OF THE 1ST |
Boston Rebels batting - Pitching for El Dorado Oilers : RHP Francisco Ríos
|
Pitching: RHP Francisco Ríos
|
|
Batting: RHB George Reeves
|
0-0: Called Strike 0-1: Called Strike 0-2: SINGLE (Line Drive, 4D)
|
Batting: LHB Bill Wilson
|
0-0: Foul Ball, location: 2F 0-1: Ball 1-1: Ball 2-1: Foul Ball, location: 2F 2-2: SINGLE (Groundball, 56D) George Reeves to second
|
Batting: LHB Lorenzo Flores
|
0-0: Ball 1-0: Called Strike 1-1: Fly out, F8 (Flyball, 8RXD) Runner from 2nd tags up, SAFE at 3rd, no throw
|
Batting: LHB Miguel Rivería
|
0-0: Called Strike 0-1: Ball 1-1: Ball 2-1: Called Strike 2-2: SINGLE (Groundball, 4MD) George Reeves scores Bill Wilson to second
|
Batting: LHB Felipe Guerrero
|
0-0: Swinging Strike 0-1: SINGLE (Flyball, 4MD) Bill Wilson to third Miguel Rivería to second
|
Batting: LHB Frank Jackson
|
0-0: Ball 1-0: Foul Ball, location: 2F 1-1: DOUBLE (Line Drive, 7D) Bill Wilson scores Miguel Rivería scores Felipe Guerrero to third
|
Batting: RHB Alberto Ramos
|
0-0: Foul Ball, location: 2F 0-1: Called Strike 0-2: Strikes out swinging
|
Batting: RHB Aaron Washington
|
0-0: SINGLE (Line Drive, 56D) Felipe Guerrero scores Frank Jackson to third Runner from 3rd tries for Home, SAFE, no throw
|
Batting: LHB Sixto Cortés
|
0-0: Called Strike 0-1: Ball 1-1: Fielders Choice at 2nd, 4-6 (Groundball, 4)
|
Top of the 1st over - 5 run(s), 6 hit(s), 0 error(s), 0 left on base; Boston 5 - El Dorado 0 |
BOTTOM OF THE 1ST |
El Dorado Oilers batting - Pitching for Boston Rebels : RHP John Foster
|
Pitching: RHP John Foster
|
|
Batting: RHB Nick Webb
|
0-0: Ball 1-0: Foul Ball, location: 2F 1-1: Called Strike 1-2: Strikes out looking
|
Batting: RHB Sixto Vélez
|
0-0: Ball 1-0: Fly out, F9 (Flyball, 9)
|
Batting: LHB José Hernández
|
0-0: Called Strike 0-1: Ball 1-1: Called Strike 1-2: SINGLE (Line Drive, 4MD)
|
Batting: LHB Tony Abete
|
0-0: Swinging Strike 0-1: Ball 1-1: Called Strike 1-2: Ball 2-2: SINGLE (Flyball, 8RS) José Hernández to second
|
Batting: RHB Valentín Borges
|
0-0: Ball 1-0: Called Strike 1-1: Ball 2-1: Foul Ball, location: 2F 2-2: Ball 3-2: Base on Balls José Hernández to third Tony Abete to second
|
Batting: LHB Chris Miller
|
0-0: Ground out 4-3 (Groundball, 4S)
|
Bottom of the 1st over - 0 run(s), 2 hit(s), 0 error(s), 3 left on base; Boston 5 - El Dorado 0 |
TOP OF THE 2ND |
Boston Rebels batting - Pitching for El Dorado Oilers : RHP Francisco Ríos
|
Batting: RHB George Reeves
|
0-0: Called Strike 0-1: Foul Ball, location: 2F 0-2: Foul Ball, location: 2F 0-2: Foul Ball, location: 2F 0-2: Strikes out swinging
|
Batting: LHB Bill Wilson
|
0-0: Swinging Strike 0-1: Swinging Strike 0-2: Ground out 4-3 (Groundball, 34D)
|
Batting: LHB Lorenzo Flores
|
0-0: Ball 1-0: Swinging Strike 1-1: Foul Ball, location: 2F 1-2: Foul Ball, location: 2F 1-2: Ball 2-2: Foul Ball, location: 2F 2-2: Ground out 4-3 (Groundball, 4)
|
Top of the 2nd over - 0 run(s), 0 hit(s), 0 error(s), 0 left on base; Boston 5 - El Dorado 0 |
BOTTOM OF THE 2ND |
El Dorado Oilers batting - Pitching for Boston Rebels : RHP John Foster
|
Batting: LHB José Martínez
|
0-0: Called Strike 0-1: Foul Ball, location: 2F 0-2: Ball 1-2: Ground out 5-3 (Groundball, 5)
|
Batting: LHB José Rivera
|
0-0: SINGLE (Flyball, 6MD)
|
Batting: RHB José Carlos Caraballo
|
0-0: Ball 1-0: Called Strike 1-1: Swinging Strike 1-2: Ground out U3 (Groundball, 34) José Rivera to second
|
Batting: RHB Nick Webb
|
0-0: Called Strike 0-1: Ball 1-1: Ball 2-1: Swinging Strike 2-2: Strikes out swinging
|
Bottom of the 2nd over - 0 run(s), 1 hit(s), 0 error(s), 1 left on base; Boston 5 - El Dorado 0 |
TOP OF THE 3RD |
Boston Rebels batting - Pitching for El Dorado Oilers : RHP Francisco Ríos
|
Batting: LHB Miguel Rivería
|
0-0: Called Strike 0-1: Ball 1-1: Fly out, F9 (Flyball, 9LS)
|
Batting: LHB Felipe Guerrero
|
0-0: Ball 1-0: Called Strike 1-1: Ball 2-1: Ball 3-1: Called Strike 3-2: Strikes out swinging
|
Batting: LHB Frank Jackson
|
0-0: Fly out, F9 (Line Drive, 9D)
|
Top of the 3rd over - 0 run(s), 0 hit(s), 0 error(s), 0 left on base; Boston 5 - El Dorado 0 |
BOTTOM OF THE 3RD |
El Dorado Oilers batting - Pitching for Boston Rebels : RHP John Foster
|
Batting: RHB Sixto Vélez
|
0-0: Called Strike 0-1: Called Strike 0-2: Ball 1-2: Strikes out looking
|
Batting: LHB José Hernández
|
0-0: Called Strike 0-1: Ball 1-1: Foul Ball, location: 2F 1-2: Strikes out swinging
|
Batting: LHB Tony Abete
|
0-0: Called Strike 0-1: Ball 1-1: Ball 2-1: Ground out 1-3 (Groundball, 13S)
|
Bottom of the 3rd over - 0 run(s), 0 hit(s), 0 error(s), 0 left on base; Boston 5 - El Dorado 0 |
TOP OF THE 4TH |
Boston Rebels batting - Pitching for El Dorado Oilers : RHP Francisco Ríos
|
Batting: RHB Alberto Ramos
|
0-0: Called Strike 0-1: Ball 1-1: Ground out 4-3 (Groundball, 4M)
|
Batting: RHB Aaron Washington
|
0-0: Ball 1-0: Ball 2-0: Called Strike 2-1: Fly out, F8 (Flyball, 8LXD)
|
Batting: LHB Sixto Cortés
|
0-0: Ball 1-0: Ground out 6-3 (Groundball, 6)
|
Top of the 4th over - 0 run(s), 0 hit(s), 0 error(s), 0 left on base; Boston 5 - El Dorado 0 |
BOTTOM OF THE 4TH |
El Dorado Oilers batting - Pitching for Boston Rebels : RHP John Foster
|
Batting: RHB Valentín Borges
|
0-0: Fly out, F7 (Flyball, 7D)
|
Batting: LHB Chris Miller
|
0-0: Ball 1-0: SINGLE (Groundball, 4D)
|
Batting: LHB José Martínez
|
0-0: Ball 1-0: Foul Ball, location: 2F 1-1: Grounds into double play, 4-6-3 (Groundball, 4)
|
Bottom of the 4th over - 0 run(s), 1 hit(s), 0 error(s), 0 left on base; Boston 5 - El Dorado 0 |
TOP OF THE 5TH |
Boston Rebels batting - Pitching for El Dorado Oilers : RHP Francisco Ríos
|
Pitching: RHP Michael Young
|
|
Batting: RHB George Reeves
|
0-0: Called Strike 0-1: Ball 1-1: Ball 2-1: Ball 3-1: Foul Ball, location: 2F 3-2: Base on Balls
|
Batting: LHB Bill Wilson
|
0-0: Ball 1-0: Fielders Choice at 2nd, 4-6 (Groundball, 4)
|
Batting: LHB Lorenzo Flores
|
0-0: Ball 1-0: Fly out, F6 (Popup, 6D)
|
Batting: LHB Miguel Rivería
|
0-0: Ball 1-0: Ball 2-0: Called Strike 2-1: Ground out 1-3 (Groundball, P)
|
Top of the 5th over - 0 run(s), 0 hit(s), 0 error(s), 1 left on base; Boston 5 - El Dorado 0 |
BOTTOM OF THE 5TH |
El Dorado Oilers batting - Pitching for Boston Rebels : RHP John Foster
|
Pitching: RHP Manuel Jimenen
|
|
Batting: LHB José Rivera
|
0-0: Ball 1-0: Ball 2-0: Ball 3-0: DOUBLE (Flyball, 89D)
|
Batting: RHB José Carlos Caraballo
|
0-0: Called Strike 0-1: Ball 1-1: Called Strike 1-2: Foul Ball, location: 2F 1-2: Ball 2-2: Strikes out swinging
|
Batting: RHB Nick Webb
|
0-0: Ball 1-0: Foul Ball, location: 2F 1-1: Ball 2-1: Ball 3-1: Base on Balls
|
Batting: RHB Sixto Vélez
|
0-0: Called Strike 0-1: Hit by Pitch José Rivera to third Nick Webb to second
|
Batting: LHB José Hernández
|
0-0: Ball 1-0: Ball 2-0: Called Strike 2-1: Ball 3-1: Swinging Strike 3-2: Foul Ball, location: 2F 3-2: DOUBLE (Flyball, 9LD) José Rivera scores Nick Webb scores Sixto Vélez to third
|
Batting: LHB Tony Abete
|
0-0: Swinging Strike 0-1: Swinging Strike 0-2: Ball 1-2: Ground out 4-3 (Groundball, 4) Sixto Vélez scores José Hernández to third
|
Pitching: LHP Yoshihiro Hasegawa
|
|
Batting: RHB Valentín Borges
|
0-0: Called Strike 0-1: Ball 1-1: Called Strike 1-2: Ball 2-2: Strikes out swinging
|
Bottom of the 5th over - 3 run(s), 2 hit(s), 0 error(s), 1 left on base; Boston 5 - El Dorado 3 |
TOP OF THE 6TH |
Boston Rebels batting - Pitching for El Dorado Oilers : RHP Michael Young
|
Batting: LHB Felipe Guerrero
|
0-0: Called Strike 0-1: SINGLE (Line Drive, 56D)
|
Batting: LHB Frank Jackson
|
0-0: Ball 1-0: Ball 2-0: 2-RUN HOME RUN (Flyball, 89XD), Distance : 412 ft
|
Pitching: RHP Craig Draper
|
|
Batting: RHB Alberto Ramos
|
0-0: Called Strike 0-1: Hit by Pitch, AND HE CHARGES THE MOUND! The benches clear!
|
Pitching: RHP Stanley Briggs
|
|
Pinch Runner at 1st Ángel Garza:
|
|
Batting: RHB Aaron Washington
|
0-0: Called Strike Ángel Garza steals 2nd base 0-1: Swinging Strike 0-2: Ball 1-2: Ball 2-2: Foul Ball, location: 2F 2-2: Strikes out swinging
|
Batting: LHB Sixto Cortés
|
0-0: Ball Passed Ball! Ángel Garza to third 1-0: Ball 2-0: Fly out, F9 (Flyball, 9D) Runner from 3rd tags up, SCORES, no throw
|
Pinch Hitting: LHB Lee Burton
|
0-0: Ball 1-0: Called Strike 1-1: Foul Ball, location: 2F 1-2: Strikes out looking
|
Top of the 6th over - 3 run(s), 2 hit(s), 0 error(s), 0 left on base; Boston 8 - El Dorado 3 |
BOTTOM OF THE 6TH |
El Dorado Oilers batting - Pitching for Boston Rebels : LHP Yoshihiro Hasegawa
|
Now at 2B: Roberto Chávez
|
|
Now at 3B: Ángel Garza
|
|
Batting: LHB Chris Miller
|
0-0: Ball 1-0: Ball 2-0: Ball 3-0: Called Strike 3-1: Called Strike 3-2: Base on Balls
|
Batting: LHB José Martínez
|
0-0: Foul Ball, location: 2F 0-1: Swinging Strike 0-2: Strikes out swinging
|
Batting: LHB José Rivera
|
0-0: Fly out, F9 (Line Drive, 9)
|
Batting: RHB José Carlos Caraballo
|
0-0: Ball 1-0: Called Strike 1-1: 2-RUN HOME RUN (Line Drive, 8LXD), Distance : 435 ft
|
Pitching: RHP Fernando Silva
|
|
Pinch Hitting: LHB Ashley Pickhills
|
0-0: Ball 1-0: Fly out, F7 (Flyball, 7S)
|
Bottom of the 6th over - 2 run(s), 1 hit(s), 0 error(s), 0 left on base; Boston 8 - El Dorado 5 |
TOP OF THE 7TH |
Boston Rebels batting - Pitching for El Dorado Oilers : RHP Stanley Briggs
|
Now at 2B: Todd Rogers
|
|
Pinch Hitting: RHB Ken McDonald
|
0-0: Ball 1-0: Foul Ball, location: 2F 1-1: Called Strike 1-2: Ball 2-2: Strikes out looking
|
Pinch Hitting: LHB Ricardo Brandariz
|
0-0: Called Strike 0-1: Swinging Strike 0-2: Foul Ball, location: 2F 0-2: Ball 1-2: Foul Ball, location: 2F 1-2: SINGLE (Groundball, 34) (infield hit)
|
Pinch Hitting: RHB Pedro Rodríguez
|
0-0: Called Strike 0-1: Swinging Strike 0-2: Strikes out swinging
|
Pinch Hitting: LHB Jeff Gordon
|
0-0: Ball 1-0: Called Strike 1-1: Called Strike 1-2: Foul Ball, location: 2F 1-2: Ball 2-2: SINGLE (Groundball, 4MD) Ricardo Brandariz to second Runner from 2nd tries for 3rd, SAFE, throw made to third Jeff Gordon to second
|
Batting: LHB Sergio Barrón
|
0-0: Swinging Strike 0-1: Ball 1-1: Fly out, F7 (Flyball, 7S)
|
Top of the 7th over - 0 run(s), 2 hit(s), 0 error(s), 2 left on base; Boston 8 - El Dorado 5 |
BOTTOM OF THE 7TH |
El Dorado Oilers batting - Pitching for Boston Rebels : RHP Fernando Silva
|
Now at 1B: Ken McDonald
|
|
Now in LF: Ricardo Brandariz
|
|
Now in CF: Nick Marshall
|
|
Now in RF: Jeff Gordon
|
|
Pinch Hitting: LHB Al Gaines
|
0-0: Called Strike 0-1: Swinging Strike 0-2: Foul Ball, location: 2F 0-2: Foul Ball, location: 2F 0-2: DOUBLE (Line Drive, 9LM)
|
Batting: RHB Bob Johnson
|
0-0: Foul Ball, location: 2F 0-1: Ball 1-1: SINGLE (Line Drive, 9S) Al Gaines to third
|
Pinch Hitting: RHB Yujiro Kurihara
|
0-0: Ball Bob Johnson steals 2nd base 1-0: Foul Ball, location: 2F 1-1: Fly out, F8 (Flyball, 8RS) Runner from 3rd tags up, SCORES, throw made
|
Batting: RHB Valentín Borges
|
0-0: 2-RUN HOME RUN (Flyball, 89XD), Distance : 411 ft
|
Pitching: LHP Joseph Byrne
|
|
Pinch Hitting: RHB Chris Parker
|
0-0: Ball 1-0: Ball 2-0: Ball 3-0: Called Strike 3-1: Foul Ball, location: 2F 3-2: Foul Ball, location: 2F 3-2: Base on Balls
|
Pinch Hitting: SHB Anastasio Ortíz
|
0-0: Ball 1-0: Ball 2-0: Ground out 6-3 (Groundball, 6S) Chris Parker to second
|
Pinch Hitting: RHB Warren Martin
|
0-0: Called Strike 0-1: DOUBLE (Line Drive, 78D) Chris Parker scores
|
Batting: RHB José Carlos Caraballo
|
0-0: Called Strike 0-1: Foul Ball, location: 2F 0-2: Strikes out swinging
|
Bottom of the 7th over - 4 run(s), 4 hit(s), 0 error(s), 1 left on base; Boston 8 - El Dorado 9 |
TOP OF THE 8TH |
Boston Rebels batting - Pitching for El Dorado Oilers : RHP Stanley Briggs
|
Now at 1B: Chris Parker
|
|
Now at 3B: Curt Walker
|
|
Now at SS: Carlos Vásquez
|
|
Now in LF: Warren Martin
|
|
Now in RF: Al Gaines
|
|
Batting: RHB Ángel Garza
|
0-0: Foul Ball, location: 2F 0-1: Ball 1-1: Ball 2-1: Ground out 6-3 (Groundball, 6MS)
|
Pinch Hitting: RHB Rob Bass
|
0-0: Ball 1-0: Called Strike 1-1: Called Strike 1-2: Strikes out swinging
|
Batting: LHB Sixto Cortés
|
0-0: Ground out U3 (Groundball, 34)
|
Top of the 8th over - 0 run(s), 0 hit(s), 0 error(s), 0 left on base; Boston 8 - El Dorado 9 |
BOTTOM OF THE 8TH |
El Dorado Oilers batting - Pitching for Boston Rebels : LHP Joseph Byrne
|
Now at SS: Peter Sexton
|
|
Batting: RHB Todd Rogers
|
0-0: Ball 1-0: Ground out 4-3 (Groundball, 4D)
|
Batting: LHB Al Gaines
|
0-0: Ball 1-0: Ball 2-0: Foul Ball, location: 2F 2-1: Called Strike 2-2: Ball 3-2: Foul Ball, location: 2F 3-2: Strikes out swinging
|
Batting: RHB Bob Johnson
|
0-0: Ball 1-0: Ball 2-0: Ground out 6-3 (Groundball, 6S)
|
Bottom of the 8th over - 0 run(s), 0 hit(s), 0 error(s), 0 left on base; Boston 8 - El Dorado 9 |
TOP OF THE 9TH |
Boston Rebels batting - Pitching for El Dorado Oilers : RHP Stanley Briggs
|
Pitching: RHP Kuang-yin Yue
|
|
Batting: RHB Roberto Chávez
|
0-0: Foul Ball, location: 2F 0-1: Ball 1-1: Ground out U3 (Groundball, 34)
|
Batting: RHB Ken McDonald
|
0-0: Fly out, F9 (Flyball, 9LMF)
|
Batting: LHB Ricardo Brandariz
|
0-0: Called Strike 0-1: SINGLE (Line Drive, 6D)
|
Batting: SHB Nick Marshall
|
0-0: Called Strike 0-1: Ball 1-1: Foul Ball, location: 2F 1-2: Strikes out looking
|
Top of the 9th over - 0 run(s), 1 hit(s), 0 error(s), 1 left on base; Boston 8 - El Dorado 9 |
|